AoeStats
← Cris

Arabia

508685116Analyzed
1v1 RM · 10d ago on Sep 23, 2026· 30m 37s· 2 players
Game mode
Random Map
Map size
Tiny (2 player)
Population
200
Speed
Normal
Resources
Standard
Victory
Conquest
Starting age
Dark Age
Ending age
Imperial Age
RankedLock teamsTeams togetherTeam positionsShared explorationLock speedFull tech treeHidden civsTurbo modeCheats
Victory
Defeat
🇨🇱 Ethiopians · Chile
1281
+16
🇺🇸 Lithuanians · United States
1290
-16
Cris
7:18 Loom
9:47 Feudal Age
11:53 Double-Bit Axe
18:03 Fletching
23:28 Castle Age
21:35 Gold Mining
22:44 Padded Archer Armor
23:32 Forging
23:07 Horse Collar
24:12 Bodkin Arrow
23:38 Crossbowman
24:53 Scale Barding Armor
25:35 Bow Saw
28:04 Ballistics
28:33 Wheelbarrow
29:05 Thumb Ring
hiccup
10:06 Feudal Age
10:39 Loom
11:17 Double-Bit Axe
13:09 Fletching
19:25 Horse Collar
24:47 Castle Age
23:10 Gold Mining
23:59 Padded Archer Armor
24:50 Elite Skirmisher
25:26 Bodkin Arrow
26:38 Scale Barding Armor
28:03 Bow Saw
Connection lost

Rejoining the realm…

Still unreachable

The connection could not be restored.

Session expired

The server has moved on; the page needs a fresh start.